 Dungeon Crawl Stone Soup version 0.30.1-3-gfc49f6343a (webtiles) character file.

Game seed: 6496749174037800606

51 shmup the Firebug (level 3, 0/19 HPs)
             Began as a Tengu Fire Elementalist on Aug 8, 2023.
             Slain by a gnoll
             ... wielding a +0 club
              (2 damage)
             ... on level 2 of the Dungeon.
             The game lasted 00:03:52 (1841 turns).

shmup the Firebug (Tengu Fire Elementalist)         Turns: 1841, Time: 00:03:53

Health: 0/19       AC:  3    Str:  8    XL:     3   Next: 81%
Magic:  7/7        EV: 12    Int: 17    God:
Gold:   155        SH:  0    Dex: 14    Spells: 3/6 levels left

rFire   . . .        g - +0 spear
rCold   . . .        (no shield)
rNeg    . . .        a - +1 robe
rPois   .            (helmet restricted)
rElec   .            (no cloak)
rCorr   .            (no gloves)
SInv    .            (boots unavailable)
Will    .....        (no amulet)
Stlth   ++           (no ring)
HPRegen 0.23/turn    (no ring)
MPRegen 0.10/turn

%: no passive effects
@: no status effects
A: beak, talons 3
a: no special abilities


You were on level 2 of the Dungeon.
You visited 1 branch of the dungeon, and saw 2 of its levels.

You collected 155 gold pieces.

Inventory:

Hand Weapons
 f - a +0 dagger
 g - a +0 spear (weapon)
Missiles
 d - 17 stones (quivered)
Armour
 a - a +1 robe (worn)
 k - a +0 cloak
Scrolls
 e - a scroll of immolation {unknown}
 j - a scroll of amnesia {unknown}
Potions
 b - a potion of magic
 c - a potion of lignification
 h - a potion of brilliance
 i - a potion of haste


   Skills:
 - Level 2.1 Dodging
 - Level 2.0 Stealth
 + Level 2.4 Spellcasting
 + Level 2.5 Conjurations
 * Level 4.3 Fire Magic


You had 3 spell levels left.
You knew the following spells:

 Your Spells              Type           Power      Damage    Failure   Level
a - Foxfire               Conj/Fire      52%        2x1d6     4%          1
b - Scorch                Fire           32%        2d6       4%          2

Your spell library contained the following spells:

 Spells                   Type           Power      Damage    Failure   Level
 Sandblast                Erth           4%         2d4       19%         1
 Inner Flame              Hex/Fire       9%         N/A       22%         3
 Volatile Blastmotes      Fire/Tloc      18%        2d11      22%         3
 Passwall                 Tmut/Erth      1%         N/A       28%         2
 Stone Arrow              Conj/Erth      12%        3d7       32%         3
 Tukima's Dance           Hex            2%         N/A       50%         3
 Flame Wave               Conj/Fire      13%        2d6       41%         4
 Passage of Golubria      Tloc           2%         N/A       88%         4
 Yara's Violent Unravell  Hex/Tmut       1%         3d3       99%         5


Dungeon Overview and Level Annotations

Branches:
Dungeon (2/15) Zot: 10158

Altars:
Gozag


Innate Abilities, Weirdness & Mutations

You have a beak for a mouth.
You have claws for feet.


Message History

You are very lightly contaminated with residual magic.
Nothing appears to happen.
Unknown command.
Casting: Foxfire (safe; 4% risk of failure)
Confirm with . or Enter, or press ? or * to list all spells.
You conjure some foxfire!
Your foxfire dissipates!
Your foxfire dissipates!
Your magical contamination has completely faded away.
Found a cloak.
Found a stone staircase leading down.
k - a +0 cloak
There is a stone staircase leading down here.
Found 15 gold pieces.
Found an escape hatch in the floor.
Found an opulent altar of Gozag.
Found a stone staircase leading down.
You now have 155 gold pieces (gained 15).
A kobold and 3 gnolls come into view.
Casting: Foxfire (safe; 4% risk of failure)
Confirm with . or Enter, or press ? or * to list all spells.
You conjure some foxfire!
The gnoll shouts! x2
A bat comes into view.
The foxfire hits the kobold.
You kill the kobold!
Unknown command.
Found a stone staircase leading up.
The foxfire hits the gnoll.
The gnoll is moderately wounded.
The bat closely misses you. The bat barely misses you.
The bat barely misses you. The bat hits you but does no damage.
The gnoll attacks as you move away! The gnoll hits you with a +0 flail!
* * * LOW HITPOINT WARNING * * *
The gnoll attacks as you move away! The gnoll hits you with a +0 club.
* * * LOW HITPOINT WARNING * * *
The gnoll attacks as you move away! The gnoll hits you with a +0 flail.
* * * LOW HITPOINT WARNING * * *
The bat closely misses you.
Unknown command.
The gnoll attacks as you move away! The gnoll hits you with a +0 club.
You die...

...▒▒..▒.........▒▒▒▒▒.▒▒▒.......
▒▒▒▒▒▒.▒▒........................
▒▒▒▒ ▒..▒.................▒......
...▒▒▒▒.▒.................▒......
....▒▒............%▒.............
_...........<.........▒▒▒▒.......
....>.............▒..............
................b..<....%▒▒......
▒.............ggQ...▒▒...........
▒..............g.........▒.....▒▒
▒▒..........▒...▒▒▒▒▒▒▒▒.......▒
▒....▒▒.>.....<▒ ▒▒▒▒....▒
▒...........).▒▒ ▒....▒
▒.............▒ ▒....▒
▒...▒.........▒ ▒▒▒▒▒▒
▒...▒.........▒ ▒...▒.........▒


You could see 3 gnolls and a bat.

Vanquished Creatures
  An adder (D:2)
  5 ball pythons
  3 endoplasms (D:1)
  2 giant cockroaches (D:1)
  6 goblins
  3 hobgoblins (D:1)
  2 jackals (D:2)
  A quokka (D:1)
  4 bats (D:1)
  3 frilled lizards
  3 kobolds
  4 rats
37 creatures vanquished.

Vanquished Creatures (others)
  69 foxfires
69 creatures vanquished.

Grand Total: 106 creatures vanquished

Notes
Turn   | Place    | Note
-------+----------+-------------------------------------------
     0 | D:1      | shmup the Tengu Fire Elementalist began the quest for the
                  | Orb.
     0 | D:1      | Reached XP level 1. HP: 10/10 MP: 4/4
   282 | D:1      | Reached XP level 2. HP: 6/15 MP: 3/6
   323 | D:1      | Learned a level 2 spell: Scorch
   916 | D:1      | Reached skill level 4 in Fire Magic
   916 | D:1      | Reached XP level 3. HP: 19/19 MP: 4/7
  1756 | D:2      | Found a faded altar of an unknown god.
  1808 | D:2      | Found an opulent altar of Gozag.
  1841 | D:2      | Slain by a gnoll

Illustrated notes

Levels and vault maps discovered:
D:1:      kennysheep_arrival_seaside, layout_basic, hangedman_decor_push
D:2:      layout_rooms, ebering_ecumenical_altar_petrified, basic_altar

Skill      XL: |  1  2 |
---------------+-------+-----
Conjurations   | 2 |  2.5
Fire Magic     | 4 |  4.3
Dodging        | |  2.1
Stealth        | |  2.0
Spellcasting   | |  2.4

Action                     || total
---------------------------++-------
  Melee: Unarmed           ||     1
         Spear             ||     1
   Cast: Foxfire           ||    43
         Scorch            ||     8
    Use: Scroll            ||     4
 Armour: Robe              ||     7
  Dodge: Dodged            ||    27
